 Dungeon Sprint DCSS version 0.22-a0-430-g6609fc6 (webtiles) character file.

6632 raistware the Bludgeoner (level 11, 0/123 HPs)
             Began as an Ogre Fighter on May 26, 2018.
             Was a High Priest of Makhleb.
             Slain by an Executioner (2 damage)
             ... summoned by the player character
             ... in the Dungeon (Sprint IX: "|||||||||||||||||||||||||||||").
             The game lasted 00:10:12 (2177 turns).

raistware the Bludgeoner (Ogre Fighter)             Turns: 2177, Time: 00:10:13

Health: 0/123      AC:  6    Str: 28    XL:     11   Next: 2%
Magic:  18/18      EV: 13    Int:  9    God:    Makhleb [*****.]
Gold:   663        SH:  0    Dex:  8    Spells: 10/10 levels left

rFire    . . .     SeeInvis .   a - +2 dire flail (protect)
rCold    . . .     Gourm    .   (shield currently unavailable)
rNeg     . . .     Faith    .   b - +0 robe
rPois    .         Spirit   .   (helmet restricted)
rElec    .         Reflect  .   u - +0 cloak
rCorr    .         Harm     .   (gloves unavailable)
MR       +....     NoTele   +   (boots unavailable)
Stlth    +.........             (no amulet)
HPRegen  0.30/turn              q - +3 ring of strength
MPRegen  0.16/turn              r - +2 ring of protection

@: no status effects
A: large, unfitting armour, tough skin 1
a: Minor Destruction, Lesser Servant of Makhleb, Major Destruction, Greater
Servant of Makhleb, Renounce Religion


You were in the Dungeon.
You worshipped Makhleb.
Makhleb was extremely pleased with you.
You were not hungry.

You visited 1 branch You collected 663 gold pieces.

Inventory:

Hand Weapons
 a - a +2 dire flail of protection (weapon)
 j - a +0 giant spiked club
Armour
 b - a +0 robe (worn)
 c - a +0 shield
 u - a +0 cloak (worn)
Jewellery
 q - a +3 ring of strength (left hand)
 r - a +2 ring of protection (right hand)
Scrolls
 g - 2 scrolls of enchant weapon
 k - 3 scrolls of blinking
 n - 3 scrolls of remove curse
 o - 2 scrolls of amnesia
 p - 3 scrolls of identify
 s - 2 scrolls of enchant armour
 t - a scroll of fear
Potions
 d - 2 potions of might
 e - a potion of brilliance
 h - 2 potions of haste
 i - 4 potions of magic
 m - a potion of curing
Comestibles
 f - 12 rations
 l - 8 chunks of flesh


   Skills:
 + Level 11.6 Fighting
 * Level 18.4 Maces & Flails
 + Level 8.4 Dodging
 - Level 2.6 Shields
 + Level 9.3 Invocations


You had 10 spell levels left.
You didn't know any spells.
Your spell library was empty.

Dungeon Overview and Level Annotations

Branches:
Dungeon (1/1)

Altars:
Cheibriados
Dithmenos
Elyvilon
Fedhas
Gozag
Hepliaklqana
Kikubaaqudgha
Makhleb
Nemelex Xobeh
Okawaru
Qazlal
Ru
Sif Muna
Trog
Uskayaw
Vehumet
Wu Jian
Xom
Yredelemnul
Zin
The Shining One
Beogh
Jiyva
Lugonu


Innate Abilities, Weirdness & Mutations

You are too large for most types of armour.
You have tough skin. (AC +1)


Message History

It doesn't seem very happy.
The Executioner hits you but does no damage. x2
The Executioner hits you!
The Executioner hits you but does no damage. x3
The Executioner hits you!
* * * LOW HITPOINT WARNING * * *
The Executioner completely misses you.
The Executioner hits you but does no damage.
Okay, then.
The Executioner hits you!
* * * LOW HITPOINT WARNING * * *
The Executioner hits you.
* * * LOW HITPOINT WARNING * * *
The Executioner hits you!
* * * LOW HITPOINT WARNING * * *
The orc knight suddenly jeers.
The Executioner hits you!
* * * LOW HITPOINT WARNING * * *
The Executioner hits you.
You die...

▓▓▓▓▓▓▓▓▓▓▓▓▓▓▓▓▓▓▓▓▓▓▓▓▓▓▓▓▓▓▓
ooo$$$)oooo2)1@))))))..........
▓▓▓▓▓▓▓▓▓▓▓▓▓▓▓▓▓▓▓▓▓▓▓▓▓▓▓▓▓▓▓▓▓
.................................
▓▓▓▓▓▓▓▓▓▓▓▓▓▓▓▓▓▓▓▓▓▓▓▓▓▓▓▓▓▓▓▓▓
...÷'.........†......)[.....'....
▓▓▓▓▓▓▓▓▓▓▓▓▓▓▓▓▓▓▓▓▓▓▓▓▓▓▓▓▓▓▓▓▓
.................................
▓▓▓▓▓▓▓▓▓▓▓▓▓▓▓▓▓▓▓▓▓▓▓▓▓▓▓▓▓▓▓▓▓
___________________'.....'....('(


You could see 2 orc knights, an Executioner, a blizzard demon and 2 orc
warriors.

Vanquished Creatures
  2 hydras (D)
  A lindwurm (D)
  An orc sorcerer (D)
  A cyclops (D)
  2 spiny frogs (D)
  A rime drake (D)
  A komodo dragon (D)
  A troll (D)
  2 blink frogs (D)
  A vampire (D)
  A yak (D)
  A basilisk (D)
  A water moccasin (D)
  2 porcupines (D)
  A black bear (D)
  3 orc warriors (D)
  An ogre (D)
  2 crocodiles (D)
  3 bullfrogs (D)
  A killer bee (D)
  A quasit (D)
  2 jellies (D)
  4 orc wizards (D)
  3 orc priests (D)
  2 adders (D)
  4 worms (D)
  3 leopard geckos (D)
  5 orcs (D)
  A bat (D)
  3 bat skeletons (D)
  A hobgoblin (D)
  A kobold (D)
59 creatures vanquished.

Vanquished Creatures (collateral kills)
  A lindwurm (D)
  2 tyrant leeches (D)
3 creatures vanquished.

Grand Total: 62 creatures vanquished

Notes
Turn   | Place    | Note
-------+----------+-------------------------------------------
     0 | D        | raistware the Ogre Fighter began the quest for the Orb.
     0 | D        | Reached XP level 1. HP: 24/24 MP: 1/1
     5 | D        | Reached skill level 2 in Maces & Flails
     7 | D        | Reached skill level 3 in Maces & Flails
    26 | D        | Reached XP level 2. HP: 10/32 MP: 2/2
    29 | D        | Reached skill level 4 in Maces & Flails
   312 | D        | Reached skill level 6 in Maces & Flails
   312 | D        | Reached XP level 3. HP: 13/39 MP: 3/3
   322 | D        | HP: 1/39 [adder (1)]
   337 | D        | Found a roughly hewn altar of Beogh.
   337 | D        | Found a snail-covered altar of Cheibriados.
   337 | D        | Found a shadowy altar of Dithmenos.
   337 | D        | Found a white marble altar of Elyvilon.
   337 | D        | Found a blossoming altar of Fedhas.
   337 | D        | Found an opulent altar of Gozag.
   338 | D        | Found a hazy altar of Hepliaklqana.
   339 | D        | Found a viscous altar of Jiyva.
   340 | D        | Found an ancient bone altar of Kikubaaqudgha.
   341 | D        | Found a corrupted altar of Lugonu.
   342 | D        | Found a burning altar of Makhleb.
   343 | D        | Found a sparkling altar of Nemelex Xobeh.
   344 | D        | Found an iron altar of Okawaru.
   345 | D        | Found a stormy altar of Qazlal.
   346 | D        | Found a sacrificial altar of Ru.
   347 | D        | Found a deep blue altar of Sif Muna.
   348 | D        | Found a bloodstained altar of Trog.
   349 | D        | Found a hide-covered altar of Uskayaw.
   350 | D        | Became a worshipper of Makhleb the Destroyer
   351 | D        | Found a radiant altar of Vehumet.
   352 | D        | Found an ornate altar of the Wu Jian Council.
   353 | D        | Found a shimmering altar of Xom.
   354 | D        | Found a basalt altar of Yredelemnul.
   355 | D        | Found a glowing silver altar of Zin.
   356 | D        | Found a glowing golden altar of the Shining One.
   515 | D        | Noticed an ogre
   515 | D        | Noticed a vampire
   526 | D        | Killed a vampire
   526 | D        | Reached skill level 10 in Maces & Flails
   526 | D        | Reached XP level 4. HP: 48/48 MP: 4/4
   526 | D        | Reached XP level 5. HP: 54/54 MP: 5/5
   532 | D        | Reached * piety under Makhleb
   532 | D        | Reached XP level 6. HP: 62/62 MP: 6/6
   536 | D        | Reached skill level 11 in Maces & Flails
   539 | D        | Reached skill level 12 in Maces & Flails
   545 | D        | Reached ** piety under Makhleb
   590 | D        | Noticed an orc warrior
   590 | D        | Noticed a five-headed hydra
   590 | D        | Noticed a troll
   590 | D        | Noticed a cyclops
   594 | D        | Killed a cyclops
   594 | D        | Reached skill level 14 in Maces & Flails
   594 | D        | Reached XP level 7. HP: 48/70 MP: 7/7
   597 | D        | Killed a five-headed hydra
   597 | D        | Reached skill level 16 in Maces & Flails
   597 | D        | Reached XP level 8. HP: 36/78 MP: 8/8
   600 | D        | Killed a troll
   600 | D        | Reached *** piety under Makhleb
   600 | D        | Reached skill level 5 in Fighting
   600 | D        | Reached XP level 9. HP: 49/88 MP: 8/10
   899 | D        | Noticed a rime drake
   899 | D        | Noticed a spiny frog
   906 | D        | Killed a spiny frog
   913 | D        | Reached **** piety under Makhleb
   916 | D        | Killed a rime drake
   916 | D        | Reached skill level 5 in Dodging
   916 | D        | Reached skill level 5 in Invocations
   929 | D        | Reached skill level 17 in Maces & Flails
   940 | D        | Reached ***** piety under Makhleb
  1187 | D        | Noticed a spiny frog
  1187 | D        | Noticed a komodo dragon
  1187 | D        | Noticed a four-headed hydra
  1190 | D        | Reached XP level 10. HP: 106/107 MP: 14/14
  1193 | D        | Killed a four-headed hydra
  1197 | D        | Reached skill level 10 in Fighting
  1198 | D        | Killed a spiny frog
  1210 | D        | Reached ****** piety under Makhleb
  1266 | D        | Noticed a lindwurm
  1267 | D        | Noticed a green death
  1276 | D        | Killed a lindwurm
  1276 | D        | Reached skill level 18 in Maces & Flails
  1641 | D        | Noticed a lindwurm
  1674 | D        | Killed a lindwurm
  2004 | D        | Noticed an orc sorcerer
  2006 | D        | Killed an orc sorcerer
  2039 | D        | Reached XP level 11. HP: 80/122 MP: 17/17
  2160 | D        | Noticed an orc knight
  2160 | D        | Noticed an orc knight
  2166 | D        | Noticed an Executioner
  2176 | D        | Noticed a blizzard demon
  2177 | D        | HP: 2/123 [Executioner[the player character] (16)]
  2177 | D        | Slain by an Executioner

Vault maps used:
D:        linesprint

Skill      XL: |  1  2  3  4  5  6  7  8  9 10 |
---------------+-------------------------------+-----
Maces & Flails | 3 6 10 14 16 17 18 | 18.4
Fighting       | 5 9 11 | 11.6
Dodging        | 3 6 8 |  8.4
Invocations    | 2 6 9 |  9.3
Shields        | |  2.6

Action                   |  1- 3 |  4- 6 |  7- 9 | 10-12 || total
-------------------------+-------+-------+-------+-------++-------
Melee: Flail             |    47 |       |       |       ||    47
       Dire flail        |     4 |    13 |    52 |    82 ||   151
Invok: Greater Servant o |       |       |       |     6 ||     6
Evoke: Wand              |       |     2 |     5 |     3 ||    10
  Use: Potion            |     3 |     1 |     1 |     6 ||    11
       Scroll            |       |       |       |     1 ||     1
 Stab: Invisible         |       |       |     1 |       ||     1
  Eat: Chunk             |       |       |     1 |     3 ||     4
Armor: Robe              |    23 |     7 |    14 |    20 ||    64
Dodge: Dodged            |    24 |     5 |    12 |    26 ||    67
Block: Shield            |    26 |       |       |       ||    26

Table legend:
 A = Spawn XP
 B = Non-spawn XP
 C = Spawn XP percentage of total XP
 D = Spawn monster count
 E = Non-spawn monster count
 F = Spawn count percentage of total count
 G = Total turns spent on level
                    A         B        C        D         E        F      G
               +---------+---------+-------+---------+---------+-------+---------
         Total |       0 |    9475 |   0.0 |       0 |      62 |   0.0 |  2177
               +---------+---------+-------+---------+---------+-------+---------
             D |       0 |    9475 |   0.0 |       0 |      62 |   0.0 |  2177
               +---------+---------+-------+---------+---------+-------+---------
